 Dungeon Crawl Stone Soup version 0.21-a0-536-gdbbf329 (webtiles) character file.

33041 Amnesiac the Earth Mage (level 13, -10/61 HPs)
             Began as a Deep Elf Earth Elementalist on Dec 14, 2017.
             Was a High Priest of Sif Muna.
             Killed by the air
             ... invoked by a wind drake (shapeshifter)
              (14 damage)
             ... on level 14 of the Dungeon.
             The game lasted 00:31:44 (13352 turns).

Amnesiac the Earth Mage (DEEE)                     Turns: 13352, Time: 00:31:45

Health: -10/61     AC:  0    Str:  5    XL:     13   Next: 34%
Magic:  0/35       EV: 16    Int: 26    God:    Sif Muna [*****.]
Gold:   812        SH:  0    Dex: 15    Spells: 20/44 levels left

rFire    . . .     SeeInvis .   (weapon currently unavailable)
rCold    . . .     Gourm    .   (shield currently unavailable)
rNeg     . . .     Faith    .   (armour currently unavailable)
rPois    .         Spirit   +   (helmet currently unavailable)
rElec    .         Reflect  .   (cloak currently unavailable)
rCorr    .         Harm     .   (gloves currently unavailable)
MR       +....                  (boots currently unavailable)
Stlth    ++........             W - amulet of guardian spirit
HPRegen  0.20/turn              (ring currently unavailable)
MPRegen  0.24/turn              (ring currently unavailable)

@: pig-form, no casting, very quick
A: small, blurry vision 1, frail 1, wild magic 1
a: Stop Divine Energy, Channel Magic, Forget Spell, Renounce Religion


You were on level 14 of the Dungeon.
You worshipped Sif Muna.
Sif Muna was extremely pleased with you.
You were very hungry.
You were a filthy swine.
You visited 1 branch of the dungeon, and saw 14 of its levels.
You also visited: Sewer.

You collected 812 gold pieces.

Inventory:

Hand Weapons
 b - a +4 dagger of draining
Missiles
 E - a throwing net
 H - 33 poisoned needles
 K - 8 needles of confusion
 N - 282 stones (quivered)
Armour
 s - a +2 helmet
 O - a +2 pair of gloves (melded)
 S - a +2 robe of the Archmagi (melded)
 X - a +2 cloak (melded)
Magical Staves
 a - an uncursed staff of power (melded)
 C - an uncursed staff of fire
Jewellery
 c - a ring of magical power (melded)
 k - an uncursed ring of fire
 t - an uncursed amulet of harm
 v - an uncursed ring of positive energy
 x - an uncursed ring of wizardry
 y - an uncursed ring of teleportation
 I - an uncursed ring of protection from magic
 R - an uncursed ring of wizardry
 U - a +2 ring of protection (melded)
 V - an uncursed ring of fire
 W - an amulet of guardian spirit (around neck)
Wands
 i - a wand of iceblast (16)
 l - a wand of flame (23)
 q - a wand of polymorph (14)
 L - a wand of disintegration (11)
Scrolls
 h - 3 scrolls of remove curse {!r}
 j - a scroll of blinking {!r}
 m - 3 scrolls of amnesia {!r}
 n - a scroll of fog {!r}
 o - 7 scrolls of teleportation {!r}
 p - 3 scrolls of magic mapping {!r}
 z - 2 scrolls of fear {!r}
 T - a scroll of identify {!r}
Potions
 e - a potion of resistance {!q}
 g - 3 potions of lignification {!q}
 r - a potion of haste {!q}
 w - 5 potions of curing {!q}
 A - 5 potions of invisibility {!q}
 B - 4 potions of berserk rage {!q}
 D - 3 potions of brilliance {!q}
 G - 2 potions of agility {!q}
 M - 9 potions of heal wounds {!q}
 P - 4 potions of flight {!q}
 Q - 3 potions of might {!q}
Comestibles
 d - 7 bread rations
 f - 14 meat rations
 u - 14 royal jellies
 F - 5 chunks of flesh


   Skills:
 - Level 3.0 Fighting
 - Level 3.0 Dodging
 - Level 3.0 Stealth
 + Level 16.0 Spellcasting
 - Level 3.0 Conjurations
 - Level 3.7 Charms
 - Level 3.0 Necromancy
 - Level 3.2 Transmutations
 * Level 18.2 Earth Magic


You had 20 spell levels left.
You knew the following spells:

 Your Spells              Type           Power        Failure   Level  Hunger
a - Iron Shot             Conj/Erth      #######...   8%          6    ####...
b - Passwall              Tmut/Erth      #######...   1%          2    None
c - Sandblast             Erth           ######       1%          1    None
d - Lee's Rapid Deconstr  Erth           ########..   1%          5    None
e - Petrify               Tmut/Erth      #######.     1%          4    None
f - Stone Arrow           Conj/Erth      ######       1%          3    None
r - Regeneration          Chrm/Necr      #####.....   3%          3    None


Dungeon Overview and Level Annotations

Branches:
Dungeon (14/15)            Temple (0/1) D:7            Lair (0/6) D:11
    Orc (0/2) D:11         Vaults (0/5) D:14

Altars:
Fedhas
Hepliaklqana
Kikubaaqudgha
Makhleb
Qazlal
Sif Muna
Vehumet
Wu Jian
Yredelemnul
The Shining One

Shops:
D:7 *   D:8 !   D:9 %(

Annotations:
D:14 Kirke


Innate Abilities, Weirdness & Mutations

((You are partially covered in yellow scales. (AC +2)))
Scrolls take you a little longer to read.
You are frail. (-10% HP)
Your spells are a little harder to cast, but a little more powerful.


Message History

You turn into a filthy swine.
You feel your magic capacity decrease.
You feel strangely numb.
You feel your magic capacity decrease. The vault guard misses you.
A hog comes into view.
Unknown command.
Really quaff
J - a potion of ambrosia {!q}?
You are confused.
You feel invigorated. Kirke casts a spell at you.
You feel a momentary urge to oink. The vault guard misses you.
You bump into the rock wall.
Your surroundings suddenly seem different.
A water moccasin comes into view.
The water moccasin hisses angrily.
A vampire mosquito comes into view.
The vampire mosquito buzzes angrily.
You hear an angry buzzing noise. x2
A meliai comes into view. It is wielding a war axe.
The meliai buzzes angrily.
A vampire mosquito, a scorpion and a centaur warrior come into view. 2 vampire mosquitoes and a shadow come into view.
The vampire mosquito buzzes angrily. x2; You hear an angry hiss.
You hear a shout!
The water moccasin barely misses you.
Found a gate to the Vaults.
A vampire mosquito and a wind drake come into view.
A vault guard and a zombie come into view.
The vault guard shouts!
The vampire mosquito buzzes angrily.
The centaur warrior wields a longbow.
The centaur warrior shoots an arrow.
The arrow closely misses you.
A meliai comes into view. It is wielding a hand axe.
The meliai buzzes angrily.
Found an arrow.
A meliai comes into view. It is wielding a hand axe of venom.
There is an open door here.
The meliai buzzes angrily.
The vampire mosquito buzzes angrily.
The centaur warrior shoots an arrow.
The arrow hits you! The water moccasin misses you.
A vampire mosquito comes into view.
The vampire mosquito buzzes angrily.
You're too confused!
You bump into the metal wall.
The meliai calls down the wrath of its god upon you.
Something smites you! The water moccasin closely misses you.
The vampire mosquito bites you!
The vampire mosquito draws strength from your injuries!
The scorpion stings you. The meliai closely misses you. The meliai stings you.
The vault guard closely misses you.
Really quaff
w - 6 potions of curing {!q}?
You feel better.
You feel less invigorated. The vampire mosquito bites you!
The vampire mosquito draws strength from your injuries!
The meliai hits you with a war axe!
* * * LOW HITPOINT WARNING * * *
The meliai stings you.
* * * LOW HITPOINT WARNING * * *
The water moccasin closely misses you. The vampire mosquito bites you!
* * * LOW HITPOINT WARNING * * *
The vampire mosquito draws strength from your injuries!
The scorpion stings you!
* * * LOW HITPOINT WARNING * * *
The water moccasin bites you.
* * * LOW HITPOINT WARNING * * *
The wind drake flaps its wings at you. The air twists around and strikes you!
You die... ..... ....... ### #........ .. ......... ##.###..yy... ......yk.... #..yc.yW# #syyy.#

##hSy##
##p##
#.....#
#.#(..#.#
# ..... #
...∩...
#Z......#
#.#...#.#
##.....##


You could see a vault guard, a wind drake, a centaur warrior, a water moccasin,
6 vampire mosquitoes, a shadow, 3 meliai and a scorpion.

Vanquished Creatures
  Rupert (D:14)
  Roxanne (D:14)
  Josephine (D:10)
  A vault guard (D:14)
  Erolcha (D:13)
  2 centaur warriors (D:14)
  Erica (D:10)
  3 two-headed ogres
  An unseen horror (D:11)
  A wizard (D:14)
  An orc knight (D:12)
  Pikel (D:7)
  A wolf spider (D:13)
  8 ugly things
  3 deep elf magi (D:14)
  3 cyclopes
  Maurice (D:13)
  A centaur zombie (D:12)
  2 gargoyles (D:10)
  2 meliai (D:14)
  5 trolls
  A hornet (D:11)
  Grinder (D:4)
  A slime creature (D:12)
  2 hippogriffs
  2 vampires
  A shadow (D:12)
  6 yaks (D:14)
  4 wraiths (D:10)
  6 wyverns
  Grum (D:9)
  3 vampire mosquitoes (D:14)
  A warg (D:13)
  2 acid dragons
  Duvessa (D:7)
  A swamp drake (D:11)
  Purgy (Sewer)
  3 slaves (D:7)
  6 orc warriors
  3 sky beasts
  5 black bears
  2 phantoms
  6 ice beasts
  6 ogres
  3 wolves (D:9)
  13 centaurs
  A necrophage (D:10)
  A big kobold (D:9)
  A crocodile (D:14)
  8 bullfrogs
  Dowan (D:7)
  2 wyvern skeletons (D:12)
  4 scorpions
  4 killer bees
  13 wights
  A howler monkey (D:6)
  A crimson imp (D:7)
  2 hounds
  A bullfrog zombie (D:5)
  7 orc priests
  7 jellies
  6 orc wizards
  3 bullfrog skeletons
  4 centaur skeletons
  6 iguanas
  Natasha (twice) (D:4)
  8 worker ants
  Robin (D:2)
  4 gnolls (D:8)
  12 adders
  A howler monkey skeleton (D:4)
  3 shadow imps
  5 oozes (D:12)
  A worm (D:2)
  10 leopard geckos
  52 orcs
  8 bats
  10 giant cockroaches
  11 hobgoblins
  14 jackals
  12 kobolds
  5 quokkas
  6 frilled lizards
  8 goblins
  A leopard gecko zombie (D:6)
  A quokka skeleton (D:4)
  7 rats
377 creatures vanquished.

Vanquished Creatures (others)
  A hog (D:14)
  A jelly (D:5)
2 creatures vanquished.

Grand Total: 379 creatures vanquished

Notes
Turn   | Place    | Note
-------+----------+-------------------------------------------
     0 | D:1      | Amnesiac the Deep Elf Earth Elementalist began the quest for the Orb.
     0 | D:1      | Reached XP level 1. HP: 10/10 MP: 6/6
   147 | D:1      | Reached skill level 1 in Fighting
   151 | D:1      | Reached XP level 2. HP: 16/16 MP: 2/8
   157 | D:1      | Learned a level 2 spell: Passwall
   563 | D:2      | Found a stormy altar of Qazlal.
   631 | D:2      | Reached XP level 3. HP: 21/21 MP: 7/9
   636 | D:2      | Learned a level 3 spell: Stone Arrow
   659 | D:2      | Noticed Robin
   747 | D:2      | Killed Robin
   775 | D:2      | Found a blossoming altar of Fedhas.
  1123 | D:2      | Found a deep blue altar of Sif Muna.
  1126 | D:2      | Became a worshipper of Sif Muna the Loreminder
  1389 | D:3      | Reached XP level 4. HP: 27/27 MP: 8/10
  1488 | D:3      | Found an ornate altar of the Wu Jian Council.
  2016 | D:4      | Noticed Natasha
  2020 | D:4      | Killed Natasha
  2092 | D:4      | Reached skill level 4 in Earth Magic
  2154 | D:4      | Reached XP level 5. HP: 32/32 MP: 9/12
  2185 | D:4      | Learned a level 4 spell: Petrify
  2426 | D:4      | Found a blossoming altar of Fedhas.
  2513 | D:4      | Noticed Grinder
  2524 | D:4      | Killed Grinder
  2524 | D:4      | Reached * piety under Sif Muna
  2524 | D:4      | Reached skill level 5 in Spellcasting
  2524 | D:4      | Reached skill level 5 in Earth Magic
  2524 | D:4      | Reached XP level 6. HP: 37/37 MP: 8/16
  2641 | D:4      | Noticed Natasha
  2646 | D:4      | Killed Natasha
  3034 | D:5      | Entered Level 5 of the Dungeon
  3090 | D:5      | Noticed a sky beast
  3149 | D:5      | Killed a sky beast
  3149 | D:5      | Reached skill level 6 in Earth Magic
  3149 | D:5      | Reached XP level 7. HP: 13/41 MP: 13/18
  3596 | D:5      | Found a glowing drain.
  3614 | Sewer    | Entered a sewer
  3701 | Sewer    | Noticed Purgy
  3715 | Sewer    | Killed Purgy
  4168 | D:6      | Reached skill level 7 in Earth Magic
  4191 | D:6      | Reached ** piety under Sif Muna
  4241 | D:6      | Found a hazy altar of Hepliaklqana.
  4332 | D:6      | Found a radiant altar of Vehumet.
  4539 | D:6      | Found a basalt altar of Yredelemnul.
  4617 | D:6      | Reached XP level 8. HP: 40/46 MP: 20/21
  4626 | D:6      | Reached skill level 8 in Earth Magic
  4662 | D:6      | Found a burning altar of Makhleb.
  4979 | D:7      | Found a glowing golden altar of the Shining One.
  4982 | D:7      | Found an ancient bone altar of Kikubaaqudgha.
  4982 | D:7      | Noticed Duvessa
  4989 | D:7      | Noticed Dowan
  4994 | D:7      | Killed Duvessa
  4994 | D:7      | Reached skill level 9 in Earth Magic
  5020 | D:7      | Killed Dowan
  5020 | D:7      | Reached *** piety under Sif Muna
  5080 | D:7      | Found a staircase to the Ecumenical Temple.
  5179 | D:7      | Found Siac's General Store.
  5206 | D:7      | Learned a level 5 spell: Lee's Rapid Deconstruction
  5356 | D:7      | Reached skill level 10 in Earth Magic
  5356 | D:7      | Reached XP level 9. HP: 50/50 MP: 15/24
  5563 | D:7      | Noticed Pikel
  5572 | D:7      | Killed Pikel
  5572 | D:7      | Reached **** piety under Sif Muna
  5698 | D:8      | Identified a paperback manual
  5740 | D:8      | Reached skill level 11 in Earth Magic
  5744 | D:8      | Reached skill level 10 in Spellcasting
  5822 | D:8      | Noticed a two-headed ogre
  5825 | D:8      | Killed a two-headed ogre
  5825 | D:8      | Reached skill level 12 in Earth Magic
  6139 | D:8      | Noticed a two-headed ogre
  6156 | D:8      | Killed a two-headed ogre
  6156 | D:8      | Reached ***** piety under Sif Muna
  6156 | D:8      | Reached XP level 10. HP: 56/56 MP: 27/27
  6372 | D:8      | Found Voxzial's Distillery.
  6421 | D:8      | You fall through a shaft!
  6508 | D:9      | Found Qourph's Antique Weapon Emporium.
  6739 | D:9      | Reached skill level 13 in Earth Magic
  6745 | D:9      | Identified Qiphus's Incunabulum of Syndicalism (Sif Muna gifted it to you on level 9 of the Dungeon)
  6745 | D:9      | Received a gift from Sif Muna
  7004 | D:9      | Noticed Grum
  7007 | D:9      | Killed Grum
  7245 | D:9      | Found Uloos's Food Shoppe.
  7689 | D:10     | Entered Level 10 of the Dungeon
  7797 | D:10     | Noticed a gargoyle
  7798 | D:10     | Killed a gargoyle
  7833 | D:10     | Noticed Josephine
  7835 | D:10     | Killed Josephine
  7835 | D:10     | Reached skill level 14 in Earth Magic
  7835 | D:10     | Reached XP level 11. HP: 60/60 MP: 24/29
  8167 | D:10     | Noticed Erica
  8175 | D:10     | Killed Erica
  8479 | D:11     | Killed an unseen horror
  8502 | D:11     | Found a staircase to the Lair.
  8657 | D:11     | Received a gift from Sif Muna
  8657 | D:11     | Reached skill level 15 in Earth Magic
  9042 | D:11     | Found a staircase to the Orcish Mines.
  9145 | D:11     | Learned a level 3 spell: Regeneration
  9329 | D:12     | Noticed Rupert
  9331 | D:12     | Noticed a green ugly thing
  9484 | D:12     | Noticed a green ugly thing
  9491 | D:12     | Killed a green ugly thing
  9978 | D:12     | Reached skill level 16 in Earth Magic
 10148 | D:12     | Killed a green ugly thing
 10801 | D:13     | Identified Sif Muna's Almanac of the Birds
 11001 | D:13     | Noticed an orc knight
 11004 | D:13     | Identified Sif Muna's Tome of Combat Magic (Sif Muna gifted it to you on level 13 of the Dungeon)
 11004 | D:13     | Received a gift from Sif Muna
 11039 | D:12     | Killed an orc knight
 11039 | D:12     | Reached XP level 12. HP: 63/64 MP: 2/32
 11054 | D:12     | Learned a level 6 spell: Iron Shot
 11252 | D:13     | Noticed Erolcha
 11254 | D:13     | Killed Erolcha
 11290 | D:13     | Noticed Maurice
 11324 | D:13     | Killed Maurice
 11626 | D:13     | Gained mutation: You have a pair of small horns on your head. [mutagenic meat]
 11629 | D:13     | Gained mutation: Your flesh is heat resistant. (rF+) [mutagenic meat]
 11643 | D:13     | Gained mutation: Scrolls take you a little longer to read. [mutagenic meat]
 11645 | D:13     | Gained mutation: You are partially covered in yellow scales. (AC +2) [mutagenic meat]
 11646 | D:13     | Lost mutation: Your flesh is heat resistant. (rF+) [potion of mutation]
 11646 | D:13     | Lost mutation: You have a pair of small horns on your head. [potion of mutation]
 11646 | D:13     | Gained mutation: You are frail. (-10% HP) [potion of mutation]
 11646 | D:13     | Gained mutation: Your spells are a little harder to cast, but a little more powerful. [potion of mutation]
 11961 | D:14     | Reached skill level 17 in Earth Magic
 11981 | D:14     | Reached skill level 15 in Spellcasting
 11981 | D:14     | Reached skill level 1 in Charms
 11981 | D:14     | Reached skill level 1 in Necromancy
 11984 | D:14     | Noticed a centaur warrior
 12043 | D:14     | Killed a centaur warrior
 12043 | D:14     | Reached skill level 1 in Conjurations
 12258 | D:14     | Noticed a two-headed ogre
 12267 | D:14     | Killed a two-headed ogre
 12422 | D:14     | Noticed a vault guard
 12431 | D:14     | Paralysed by Rupert for 3 turns
 12435 | D:14     | Killed Rupert
 12435 | D:14     | Identified Sif Muna's Disquisition on Confrontation and the Rocks (Sif Muna gifted it to you on level 14 of the Dungeon)
 12435 | D:14     | Received a gift from Sif Muna
 12589 | D:14     | Noticed Roxanne
 12592 | D:14     | Noticed a centaur warrior
 12593 | D:14     | Killed Roxanne
 12593 | D:14     | Reached XP level 13. HP: 59/61 MP: 34/34
 12999 | D:14     | Reached skill level 18 in Earth Magic
 13338 | D:14     | Noticed Kirke
 13345 | D:14     | Noticed a sphinx
 13348 | D:14     | Found a gate to the Vaults.
 13352 | D:14     | Killed from afar by a wind drake (shapeshifter)

Vault maps used:
D:1:      dpeg_chamrin_arrival_tetris
D:2:      nicolae_overflow_crystal_walls, lemuel_blue_sif_altar, fedhas_altar_3,
          uniq_robin
D:3:      lemuel_crystal_altar
D:4:      cheibrodos_helix_gallery, old_standard_altar, first_bread,
          uniq_natasha, uniq_grinder
D:5:      gup_sewer_entry_pipe, lemuel_flamethrower_2
D:6:      vehumet_crystals, yredelemnul_altar_generic, lemuel_round_altar,
          lemuel_doored_altar
D:7:      grunt_temple_overflow_open, minmay_temple_entry_mist, serial_shops,
          shop, sigmund_army, uniq_duvessa, uniq_pikel
D:8:      serial_shops, nicolae_shop_window_shopping
D:9:      serial_shops, shop, nicolae_shop_crystal, uniq_grum
D:10:     uniq_erica, uniq_josephine
D:11:     lair_entry_dummy, erik_orc_1
D:12:     hangedman_little_slice_of_home, uniq_rupert
D:13:     grunt_ministairs_3, evilmike_butchery, uniq_maurice, uniq_erolcha
D:14:     lightli_vaults_fourway_checkpoint, kennysheep_nondescript,
          small_chamber_with_monster, uniq_azrael, uniq_urug, uniq_kirke,
          uniq_roxanne
Sewer:    sewer_big_baddie

Skill      XL: |  1  2  3  4  5  6  7  8  9 10 11 12 13 |
---------------+----------------------------------------+-----
Fighting       | 1 2 3 |  3.0
Dodging        | 3 |  3.0
Earth Magic    | 4 5 6 7 10 12 14 16 17 18 | 18.2
Spellcasting   | 5 6 7 9 11 12 14 15 16 | 16.0
Charms         | 3 |  3.7
Necromancy     | 3 |  3.0
Stealth        | 3 |  3.0
Conjurations   | 3 |  3.0
Transmutations | 3 |  3.2

Action                   |  1- 3 |  4- 6 |  7- 9 | 10-12 | 13-15 || total
-------------------------+-------+-------+-------+-------+-------++-------
Melee: Dagger            |    10 |     2 |    49 |       |       ||    61
 Cast: Sandblast         |    65 |    59 |    41 |       |       ||   165
       Passwall          |     1 |       |     2 |       |       ||     3
       Stone Arrow       |       |     2 |    97 |   200 |       ||   299
       Lee's Rapid Decon |       |       |    13 |    71 |     7 ||    91
       Petrify           |       |       |       |     6 |       ||     6
       Iron Shot         |       |       |       |    25 |    31 ||    56
Invok: Divine Energy     |       |     1 |       |       |       ||     1
  Use: Scroll            |       |     8 |    14 |    12 |     1 ||    35
       Potion            |       |       |       |     1 |     3 ||     4
 Stab: Sleeping          |     2 |       |       |       |       ||     2
  Eat: Chunk             |     1 |     6 |    11 |    26 |     6 ||    50
       Royal jelly       |       |       |       |     4 |       ||     4
Armor: Robe              |     4 |     2 |    74 |    24 |     5 ||   109
Dodge: Dodged            |    23 |     7 |   174 |    37 |    13 ||   254

Table legend:
 A = Spawn XP
 B = Non-spawn XP
 C = Spawn XP percentage of total XP
 D = Spawn monster count
 E = Non-spawn monster count
 F = Spawn count percentage of total count
 G = Total turns spent on level
                    A         B        C        D         E        F      G
               +---------+---------+-------+---------+---------+-------+---------
         Total |       0 |   47202 |   0.0 |       0 |     374 |   0.0 | 13352
               +---------+---------+-------+---------+---------+-------+---------
           D:1 |       0 |      31 |   0.0 |       0 |      18 |   0.0 |   527
           D:2 |       0 |      52 |   0.0 |       0 |      20 |   0.0 |   685
           D:3 |       0 |      53 |   0.0 |       0 |      19 |   0.0 |   804
           D:4 |       0 |     527 |   0.0 |       0 |      21 |   0.0 |  1018
           D:5 |       0 |     237 |   0.0 |       0 |      18 |   0.0 |   794
           D:6 |       0 |     797 |   0.0 |       0 |      20 |   0.0 |   810
           D:7 |       0 |    1629 |   0.0 |       0 |      23 |   0.0 |   770
           D:8 |       0 |    3316 |   0.0 |       0 |      27 |   0.0 |   931
           D:9 |       0 |    2152 |   0.0 |       0 |      31 |   0.0 |  1060
          D:10 |       0 |    4453 |   0.0 |       0 |      18 |   0.0 |   753
          D:11 |       0 |    3624 |   0.0 |       0 |      34 |   0.0 |  1011
          D:12 |       0 |    4966 |   0.0 |       0 |      43 |   0.0 |  1473
          D:13 |       0 |    5410 |   0.0 |       0 |      29 |   0.0 |  1154
          D:14 |       0 |   19808 |   0.0 |       0 |      47 |   0.0 |  1272
         Sewer |       0 |     147 |   0.0 |       0 |       6 |   0.0 |   290
               +---------+---------+-------+---------+---------+-------+---------
